 Dungeon Crawl Stone Soup version 0.30-a0-161-gdd60e06945 (webtiles) character file.

Game seed: 9239707640918429502

358 qw the Chopper (level 6, -2/42 HPs)
             Began as a Gargoyle Fighter on Sept 27, 2022.
             Slain by Duvessa
             ... wielding a +4 short sword of protection
              (6 damage)
             ... on level 5 of the Dungeon.
             The game lasted 00:01:13 (3993 turns).

qw the Chopper (Gargoyle Fighter)                   Turns: 3993, Time: 00:01:13

Health: -2/42      AC: 19    Str: 26    XL:     6   Next: 64%
Magic:  6/6        EV:  7    Int:  7    God:
Gold:   195        SH:  4    Dex:  8    Spells: 5/5 levels left

rFire   . . .      SeeInvis .    Y - +0 war axe
rCold   . . .      Faith    .    c - +0 buckler
rNeg    + . .      Spirit   .    p - +2 chain mail {Will+}
rPois   inf        Reflect  .    (no helmet)
rElec   +          Harm     .    (no cloak)
rCorr   .          Rampage  .    (no gloves)
Will    +....                    (no boots)
Stlth   ..........               (no amulet)
HPRegen 0.14/turn                n - +4 ring of protection
MPRegen 0.10/turn                (no ring)

@: lit by a corona, glowing
A: sickness immunity, AC +4, negative energy resistance 1, electricity
resistance, torment resistance 1, petrification resistance, sense surroundings
1, robust 1, strong 1
a: no special abilities


You were on level 5 of the Dungeon.
You visited 1 branch of the dungeon, and saw 5 of its levels.

You collected 195 gold pieces.


Innate Abilities, Weirdness & Mutations

You are immune to sickness and miasma.
Your stone body is resilient. (AC +4)
You are immune to poison.
You resist negative energy. (rN+)
You are resistant to electric shocks. (rElec)
You are resistant to unholy torment.
You are immune to petrification.
You passively map a small area around you.
You are robust. (+10% HP)
Your muscles are strong. (Str +4, Int/Dex -1)


   Skills:
 - Level 4.3 Fighting
 + Level 5.7 Axes
 - Level 3.2 Armour
 - Level 3.2 Shields


You had 5 spell levels left.
You didn't know any spells.
Your spell library was empty.

Inventory:

Hand Weapons
 b - a +0 morningstar
 Y - a +0 war axe (weapon)
Armour
 c - a +0 buckler (worn)
 p - a +2 chain mail of willpower (worn)
Jewellery
 n - a +4 ring of protection (left hand)
Scrolls
 a - 2 scrolls of identify
 e - a scroll of amnesia {unknown}
 g - 4 scrolls of teleportation
Potions
 d - 2 potions of might
 f - a potion of heal wounds
 k - 5 potions of attraction
 m - a potion of haste
 o - 2 potions of curing

Dungeon Overview and Level Annotations

Branches:
Dungeon (5/15)
 Temple: D:4-7

Altars:

Annotations:
D:5 Duvessa


Message History

You barely miss the orc.
Dowan throws and catches a handful of magical flame, then smirks.
The orc hits you but does no damage.
You slash the orc!
You kill the orc!
Dowan says, "Stay away from my face!"
You slash Dowan!
Dowan is severely wounded.
Dowan gestures at Duvessa while chanting.
Duvessa seems to speed up.
You closely miss Dowan.
Dowan is severely wounded.
You hit Duvessa. Duvessa barely misses you. Dowan casts a spell at you.
The puff of frost hits you but does no damage.
Duvessa hits you with a +4 short sword of protection.
You closely miss Dowan.
Dowan is severely wounded.
You hit Duvessa. Duvessa barely misses you.
Dowan gestures at you while chanting.
You are outlined in light.
You block Duvessa's attack.
You slash Dowan!
You kill Dowan!
Duvessa weeps, and shakes her weapon.
Duvessa goes berserk!
You hit Duvessa but do no damage.
Duvessa hits you with a +4 short sword of protection!
Duvessa hits you but does no damage.
You hit Duvessa but do no damage.
Duvessa is lightly wounded.
Duvessa hits you with a +4 short sword of protection!
You barely miss Duvessa.
Duvessa is lightly wounded.
Duvessa closely misses you. Duvessa hits you but does no damage.
You closely miss Duvessa.
Duvessa is lightly wounded.
Duvessa hits you with a +4 short sword of protection!
Duvessa hits you with a +4 short sword of protection.
You die...

.###.#... ## , , *,
.....#)# ##. , * ,
.......##.. * , *
..######..*** *** * *
.........### * , ,
..######...#
.........#.#### , *
......>..#....#########.
.........####...@)......
.........# ####%e#..##?
....>....# , ..## ,...,
, .........# *#... #
########## ##### _ * * *
* *


You could see Duvessa (berserk, fast).

Vanquished Creatures
  An ogre (D:5)
  A phantom (D:5)
  Dowan (D:5)
  An iguana (D:5)
  An orc wizard (D:3)
  An adder (D:2)
  An ufetubus (D:4)
  A worm (D:2)
  2 dart slugs
  10 orcs
  10 endoplasms
  4 giant cockroaches
  5 goblins
  4 hobgoblins
  7 kobolds
  A quokka (D:3)
  15 ball pythons
  4 bats
  7 frilled lizards
  2 rats (D:3)
79 creatures vanquished.

Notes
Turn   | Place    | Note
-------+----------+-------------------------------------------
     0 | D:1      | qw the Gargoyle Fighter began the quest for the Orb.
     0 | D:1      | Reached XP level 1. HP: 14/14 MP: 1/1
     0 | D:1      | 0 ||| qw: Version: 0.2-a-10-g37ed214
     0 | D:1      | 0 ||| qw: Game counter: 668
     0 | D:1      | 0 ||| qw: Always use a shield: true
     0 | D:1      | 0 ||| qw: God list: Okawaru
     0 | D:1      | 0 ||| qw: Allow faded altars: false
     0 | D:1      | 0 ||| qw: Do Orc after D:15 true
     0 | D:1      | 0 ||| qw: Do second Lair branch before Depths: true
     0 | D:1      | 0 ||| qw: Lair rune preference: random
     0 | D:1      | 0 ||| qw: Plans: Normal, Zot:1-4, God:TSO, Crypt, Tomb,
                  | Pan, Slime:5, Hells, Abyss, Orb
     0 | D:1      | 0 ||| PLANNING D:1-11
   185 | D:1      | Reached skill level 2 in Axes
   188 | D:1      | 188 ||| Stepping ~*~*~tactically~*~*~ (stealth).
   190 | D:1      | 190 ||| Stepping ~*~*~tactically~*~*~ (stealth).
   218 | D:1      | Reached XP level 2. HP: 19/19 MP: 2/2
   572 | D:1      | Reached skill level 3 in Axes
   813 | D:1      | Reached XP level 3. HP: 23/23 MP: 3/3
   952 | D:1      | 952 ||| UPGRADING to +4 ring of protection.
   953 | D:1      | 953 ||| READING scroll labelled TADEEDE QEPEFITIT.
   954 | D:1      | 954 ||| READING scroll labelled YCLURE RYGAOPS.
   955 | D:1      | 955 ||| READING scroll labelled HIKAUCIPRU.
   956 | D:1      | 956 ||| READING scroll labelled SODWECL KETU.
   957 | D:1      | 957 ||| DRINKING 3 dark potions.
  1030 | D:2      | 1030 ||| STAIRDANCE
  1125 | D:2      | 1125 ||| Stepping ~*~*~tactically~*~*~ (stealth).
  1202 | D:2      | 1202 ||| Stepping ~*~*~tactically~*~*~ (stealth).
  1445 | D:2      | 1445 ||| Stepping ~*~*~tactically~*~*~ (stealth).
  1701 | D:2      | Reached XP level 4. HP: 28/28 MP: 4/4
  2014 | D:2      | 2014 ||| READING scroll labelled WEKLIYN KERO.
  2015 | D:2      | 2015 ||| READING scroll labelled IPYZELE LENUI.
  2116 | D:2      | 2116 ||| DRINKING 2 golden potions.
  2266 | D:3      | Reached skill level 4 in Axes
  2391 | D:3      | 2391 ||| Stepping ~*~*~tactically~*~*~ (stealth).
  2792 | D:3      | 2792 ||| Stepping ~*~*~tactically~*~*~ (hiding).
  2945 | D:3      | 2945 ||| UPGRADING to +0 chain mail.
  2955 | D:3      | 2955 ||| DROPPING +0 scale mail.
  2956 | D:3      | 2956 ||| UPGRADING to +2 chain mail of willpower.
  2966 | D:3      | 2966 ||| DROPPING +0 chain mail.
  2967 | D:3      | 2967 ||| READING 5 scrolls labelled NEKICZODED.
  2971 | D:3      | 2971 ||| DRINKING 2 white potions.
  2972 | D:3      | 2972 ||| READING 2 scrolls of identify.
  2972 | D:3      | 2972 ||| IDENTIFYING fizzy clear potion
  2973 | D:3      | 2973 ||| DROPPING potion of flight.
  2995 | D:4      | 2995 ||| FLEEEEING.
  2996 | D:4      | 2996 ||| FLEEEEING.
  2997 | D:4      | 2997 ||| STAIRDANCE
  3006 | D:3      | Reached XP level 5. HP: 29/32 MP: 5/5
  3050 | D:4      | 3050 ||| DROPPING +1 whip of electrocution.
  3794 | D:4      | 3794 ||| READING scroll labelled JOAVAVV OTUT.
  3795 | D:4      | 3795 ||| READING scroll labelled DYNATHR XYTUA.
  3796 | D:4      | 3796 ||| DRINKING 2 fuming brown potions.
  3796 | D:4      | Gained mutation: You have sharp toenails. [potion of
                  | mutation]
  3796 | D:4      | Gained mutation: You are vulnerable to heat. (rF-) [potion
                  | of mutation]
  3796 | D:4      | Gained mutation: You passively map a small area around you.
                  | [potion of mutation]
  3796 | D:4      | Gained mutation: You are partially covered in iridescent
                  | scales. (AC +2) [potion of mutation]
  3797 | D:4      | 3797 ||| DRINKING potion of mutation.
  3797 | D:4      | Lost mutation: You are vulnerable to heat. (rF-) [potion of
                  | mutation]
  3797 | D:4      | Lost mutation: You are partially covered in iridescent
                  | scales. (AC +2) [potion of mutation]
  3797 | D:4      | Lost mutation: You have sharp toenails. [potion of
                  | mutation]
  3797 | D:4      | Gained mutation: Your muscles are strong. (Str +4, Int/Dex
                  | -1) [potion of mutation]
  3797 | D:4      | Gained mutation: You are robust. (+10% HP) [potion of
                  | mutation]
  3817 | D:4      | 3817 ||| READING 4 scrolls of identify.
  3817 | D:4      | 3817 ||| IDENTIFYING inky potion
  3818 | D:4      | 3818 ||| READING 3 scrolls of identify.
  3818 | D:4      | 3818 ||| IDENTIFYING murky dark potion
  3819 | D:4      | 3819 ||| DROPPING potion of invisibility.
  3828 | D:5      | Entered Level 5 of the Dungeon
  3828 | D:5      | Noticed a phantom
  3838 | D:5      | Killed a phantom
  3839 | D:5      | Reached skill level 5 in Axes
  3851 | D:5      | Noticed an ogre
  3858 | D:5      | Killed an ogre
  3859 | D:5      | Reached XP level 6. HP: 28/42 MP: 6/6
  3980 | D:5      | Noticed Dowan
  3982 | D:5      | Noticed Duvessa
  3990 | D:5      | Killed Dowan
  3993 | D:5      | HP: 4/42 [Duvessa/+4 short sword of protection (8)]
  3993 | D:5      | Slain by Duvessa

Levels and vault maps discovered:
D:1:      nagdon_arrival_zigzag_paths, layout_basic
D:2:      layout_rooms, kennysheep_generic_room_10
D:3:      layout_loops_ring
D:4:      layout_basic
D:5:      layout_rooms, lemuel_crystal_altar, lemuel_crystal_altar,
          minmay_temple_entry_grid, uniq_blork_the_orc, uniq_duvessa

Skill      XL: |  1  2  3  4  5 |
---------------+----------------+-----
Axes           | 2 3 4 5 |  5.7
Fighting       | 4 |  4.3
Armour         | |  3.2
Shields        | |  3.2

Action                   |  1- 3 |  4- 6 || total
-------------------------+-------+-------++-------
Melee: War axe           |   102 |   115 ||   217
  Use: Scroll            |     4 |     8 ||    12
       Potion            |     1 |     4 ||     5
Armor: Scale mail        |    52 |    29 ||    81
       Chain mail        |       |    33 ||    33
Dodge: Dodged            |    34 |    35 ||    69
Block: Buckler           |    13 |    19 ||    32

Table legend:
 A = Non-vault XP
 B = Vault XP
 C = Vault XP percentage of total XP
 D = Non-vault monster count
 E = Vault monster count
 F = Vault count percentage of total count
                 A         B        C        D         E       F
            +---------+---------+-------+---------+---------+-------
      Total |     450 |      62 |  12.1 |      77 |       2 |   2.5
            +---------+---------+-------+---------+---------+-------
        D:1 |      34 |       0 |   0.0 |      19 |       0 |   0.0
        D:2 |      51 |       2 |   3.8 |      21 |       1 |   4.5
        D:3 |      78 |       0 |   0.0 |      23 |       0 |   0.0
        D:4 |      27 |       0 |   0.0 |      10 |       0 |   0.0
        D:5 |     260 |      60 |  18.8 |       4 |       1 |  20.0
            +---------+---------+-------+---------+---------+-------
